 Dungeon Crawl Stone Soup version 0.19.5 (webtiles) character file.

65 ConSpec the Conjurer (level 3, -9/19 HPs)
             Began as a Deep Elf Conjurer on Nov 9, 2016.
             Splashed by a jelly's acid (10 damage)
             ... on level 2 of the Dungeon on Apr 18, 2017.
             The game lasted 00:03:35 (961 turns).

ConSpec the Conjurer (Deep Elf Conjurer)             Turns: 961, Time: 00:03:37

Health: -9/19      AC: -6    Str:  5    XL:     3   Next: 92%
Magic:  6/10       EV: 13    Int: 20    God:
Gold:   33         SH:  0    Dex: 15    Spells: 1 memorised, 8 levels left

rFire  . . .     SeeInvis .     (no weapon)
rCold  . . .     Gourm    .     a - +0 robe
rNeg   . . .     Faith    .     (no shield)
rPois  .         Spirit   .     (no helmet)
rElec  .         Reflect  .     (no cloak)
rCorr  .         Harm     .     (no gloves)
MR     .....                    (no boots)
Stlth  ++........               (no amulet)
                                (no ring)
                                m - ring of flight

@: corroded
A: no striking features
a: Evoke Flight


You were on level 2 of the Dungeon.
You were not hungry.

You visited 1 branch of the dungeon, and saw 2 of its levels.

You collected 33 gold pieces.

Inventory:

Armour
 a - a +0 robe (worn)
Jewellery
 m - a ring of flight (left hand)
Scrolls
 d - a scroll of random uselessness {unknown}
 e - 2 scrolls of identify {unknown}
 i - 3 scrolls of remove curse {unknown}
 k - a scroll of enchant weapon {unknown}
 n - a scroll of fog {unknown}
 o - a scroll of amnesia {unknown}
 p - a scroll of noise {unknown}
 q - a scroll of immolation {unknown}
Potions
 f - a potion of lignification {unknown}
 g - 2 potions of curing {unknown}
 j - a potion of brilliance {unknown}
 l - a potion of haste {unknown}
Books
 b - a book of Conjurations

   Spells                             Type                      Level
   a - Magic Dart                     Conjuration                  1
   b - Searing Ray                    Conjuration                  2
   c - Dazzling Spray                 Conjuration/Hexes            3
   d - Fulminant Prism                Conjuration/Hexes            4
   e - Iskenderun's Mystic Blast      Conjuration                  4
   f - Iskenderun's Battlesphere      Conjuration/Charms           5
Comestibles
 c - a bread ration
 h - a slice of pizza


   Skills:
 + Level 0.2 Fighting
 + Level 3.1 Dodging
 + Level 2.5 Stealth
 + Level 0.2 Unarmed Combat
 + Level 3.6 Spellcasting
 + Level 5.3 Conjurations


You had 8 spell levels left.
You knew the following spells:

 Your Spells              Type           Power        Failure   Level  Hunger
a - Magic Dart            Conj           ###.         1%          1    None


Dungeon Overview and Level Annotations

Branches:
Dungeon (2/15)

Altars:
Kikubaaqudgha
Nemelex Xobeh
Xom


Message History

Casting: Magic Dart
Confirm with . or Enter, or press ? or * to list all spells.
Aiming: Magic Dart
Press: ? - help, Shift-Dir - straight line, f/p - jelly
Aim: a jelly (heavily wounded)
The magic dart hits the jelly.
The jelly is severely wounded.
The jelly misses you.
Casting: Magic Dart
Confirm with . or Enter, or press ? or * to list all spells.
Aiming: Magic Dart
Press: ? - help, Shift-Dir - straight line, f/p - jelly
Aim: a jelly (severely wounded)
The magic dart hits the jelly.
The jelly is almost dead.
The jelly hits you.
* * * LOW HITPOINT WARNING * * *
The acid corrodes you!
You are splashed with acid!
The acid burns!
Ouch! That really hurt!
You die...

+##+##'#.....# #.#.....#
##+##+#.....####.
......#...........
.._...#.....####..
.....##.....# ######......#
.......J....# #######@#####
#.#
##########.#############
...........(............##
##########.###....†......##
.....†...................
########.###.........#.##
#.# #.........#..# #.#
#.........##.#


You could see a jelly.

Vanquished Creatures
  2 adders (D:2)
  A dart slug (D:2)
  8 bats
  5 giant cockroaches
  3 goblins
  2 hobgoblins (D:1)
  7 jackals (D:1)
  2 kobolds
  A ball python (D:1)
  2 frilled lizards
  11 rats
44 creatures vanquished.

Notes
Turn   | Place    | Note
-------+----------+-------------------------------------------
     0 | D:1      | ConSpec the Deep Elf Conjurer began the quest for the Orb.
     0 | D:1      | Reached XP level 1. HP: 10/10 MP: 6/6
    95 | D:1      | Reached XP level 2. HP: 15/15 MP: 0/8
   286 | D:1      | Reached skill level 5 in Conjurations
   376 | D:1      | Reached XP level 3. HP: 19/19 MP: 6/9
   752 | D:2      | Found an ancient bone altar of Kikubaaqudgha.
   755 | D:2      | Found a sparkling altar of Nemelex Xobeh.
   875 | D:2      | Upgraded the game from 0.19.0-11-g3fc08b3 to 0.19.5
   887 | D:2      | Found a shimmering altar of Xom.
   961 | D:2      | Splashed by a jelly's acid

Skill      XL: |  1  2  3 |
---------------+----------+-----
Conjurations   | 5 |  5.3
Dodging        | 3 |  3.1
Fighting       | |  0.2
Stealth        | |  2.5
Unarmed Combat | |  0.2
Spellcasting   | |  3.6

Action                   || total
-------------------------++-------
Melee: Unarmed           ||    34
 Cast: Magic Dart        ||    77
Armor: Robe              ||    11
Dodge: Dodged            ||    28
